 Dungeon Crawl Stone Soup version 0.31-a0-963-ga325b2283a (webtiles) character file.

Game seed: 14867332465589581851

379 Maratek the Covered (level 6, -3/53 HPs)
             Began as a Minotaur Fighter on Oct 24, 2023.
             Was an Initiate of Qazlal.
             Killed from afar by Sigmund (13 damage)
             ... with a puff of flame
             ... on level 4 of the Dungeon.
             The game lasted 00:04:45 (2809 turns).

Maratek the Covered (Minotaur Fighter)              Turns: 2809, Time: 00:04:46

Health: -3/53      AC:  8    Str: 29    XL:     6   Next: 45%
Magic:  14/14      EV: 10    Int:  8    God:    Qazlal [......]
Gold:   180        SH:  5    Dex: 13    Spells: 5/5 levels left

rFire   . . .        k - +3 dagger of Context {pain, *Noise MP+9 Str+6 Int+3 Dex+4}
rCold   . . .        c - +0 buckler
rNeg    . . .        b - +0 scale mail
rPois   .            (helmet restricted)
rElec   .            g - +0 cloak
rCorr   .            (no gloves)
SInv    .            (no boots)
Will    .....        (no amulet) Stlth
                     (no ring)
HPRegen 0.28/turn    (no ring)
MPRegen 0.14/turn

%: no passive effects
@: no status effects
A: horns 2, retaliatory headbutt
a: Renounce Religion


You were on level 4 of the Dungeon.
You worshipped Qazlal.
Qazlal was noncommittal.
You visited 2 branches of the dungeon, and saw 5 of its levels.

You collected 180 gold pieces.

Inventory:

Hand Weapons
 k - the +3 dagger of Context (weapon) {pain, *Noise MP+9 Str+6 Int+3 Dex+4}
   (You found it on level 2 of the Dungeon)

   Str+6:     It affects your strength (+6).
   Int+3:     It affects your intelligence (+3).
   Dex+4:     It affects your dexterity (+4).
   MP+9:      It affects your magic capacity (+9).
   *Noise:    It may make a loud noise when swung.
Armour
 b - a +0 scale mail (worn)
 c - a +0 buckler (worn)
 g - a +0 cloak (worn)
Jewellery
 e - an amulet of faith
Wands
 p - a wand of flame (20)
Scrolls
 a - a scroll of silence
 f - 2 scrolls of vulnerability
 h - 2 scrolls of teleportation {unknown}
 m - a scroll of poison {unknown}
 o - a scroll of acquirement {unknown}
Potions
 d - a potion of might
 i - 2 potions of curing
 j - 2 potions of haste
 l - a potion of degeneration {unknown}
 n - a potion of enlightenment {unknown}


   Skills:
 + Level 4.7 Fighting
 + Level 2.1 Short Blades
 + Level 4.7 Axes
 + Level 5.3 Armour
 + Level 1.5 Dodging
 + Level 0.1 Stealth
 + Level 4.7 Shields


You had 5 spell levels left.
You didn't know any spells.
Your spell library contained the following spells:

 Spells                   Type           Power      Damage    Failure   Level
 Necrotise                Necr           0%         1d4       71%         1
 Vampiric Draining        Necr           0%         2d6       97%         3
 Agony                    Necr           0%         N/A       100%        5


Dungeon Overview and Level Annotations

Branches:
Dungeon (4/15)             Temple (1/1) D:4

Altars:
Ashenzari
Cheibriados
Dithmenos
Elyvilon
Fedhas
Gozag
Hepliaklqana
Kikubaaqudgha
Makhleb
Nemelex Xobeh
Okawaru
Qazlal
Ru
Sif Muna
Trog
Uskayaw
Xom
Zin
The Shining One

Annotations:
D:4 Pargi, Sigmund


Innate Abilities, Weirdness & Mutations

You have a pair of horns on your head.
You reflexively headbutt those who attack you in melee.


Message History

You are too injured to fight recklessly!
You are too injured to fight recklessly!
You are too injured to fight recklessly!
You are too injured to fight recklessly!
You are too injured to fight recklessly!
You are too injured to fight recklessly!
You are too injured to fight recklessly!
You are too injured to fight recklessly!
You are too injured to fight recklessly!
You are too injured to fight recklessly!
You are too injured to fight recklessly!
You are too injured to fight recklessly!
You are too injured to fight recklessly!
You are too injured to fight recklessly!
You are too injured to fight recklessly!
You are too injured to fight recklessly!
Unknown command.
You hit Pargi. Your headbutt misses Pargi.
Pargi is heavily wounded.
Pargi bites you! Pargi claws you. Pargi claws you but does no damage.
You block Sigmund's attack.
You closely miss Pargi.
Pargi is heavily wounded.
Pargi bites you but does no damage. Pargi claws you but does no damage.
Pargi barely misses you.
You closely miss Pargi.
Pargi is heavily wounded.
Pargi bites you but does no damage. Pargi claws you but does no damage.
Pargi closely misses you.
Sigmund zaps a wand.
The puff of flame misses you.
You closely miss Pargi. You headbutt Pargi.
Pargi is heavily wounded.
Sigmund says, "You will soon forget everything."
Sigmund zaps a wand.
The puff of flame hits you!
* * * LOW HITPOINT WARNING * * *
Pargi barely misses you. You block Pargi's attack. Pargi closely misses you.
You barely miss Pargi. You headbutt Pargi.
Pargi is heavily wounded.
Sigmund zaps a wand.
The puff of flame hits you!
You die...
Sigmund begins carving another notch in his scythe.

#...#.§ +...'.T ##
#...#.§ ######. #...###
.......### ### ##.##
#........# #.# #.. .#
#.$......# #.# ##. .
#........#####'## ###
.......@.'......# #..
######T..###....####.#..
....@### #.........###
#..... #^...#######.
....... #............
##..... ###.#....#####.
#..... ...#.#......#.
...... ................
######.######.##


You could see Pargi and Sigmund.

Vanquished Creatures
  A phantom (D:4)
  A hound (D:3)
  2 orc priests
  Jessica (D:3)
  Natasha (twice) (D:2)
  An orc wizard (D:3)
  2 adders (D:4)
  3 dart slugs
  2 adder simulacra (D:2)
  10 orcs
  6 ball pythons
  5 bats
  2 bat skeletons (D:2)
  4 giant cockroaches
  6 goblins
  9 hobgoblins
  6 jackals (D:1)
  8 kobolds
  3 quokkas
  A ball python skeleton (D:2)
  4 frilled lizards
  A jackal skeleton (D:2)
  4 rats
84 creatures vanquished.

Notes
Turn   | Place    | Note
-------+----------+-------------------------------------------
     0 | D:1      | Maratek the Minotaur Fighter began the quest for the Orb.
     0 | D:1      | Reached XP level 1. HP: 19/19 MP: 0/0
   175 | D:1      | Reached XP level 2. HP: 27/27 MP: 1/1
   183 | D:1      | Reached skill level 4 in Armour
   394 | D:1      | Reached XP level 3. HP: 33/33 MP: 2/2
   653 | D:2      | Reached XP level 4. HP: 18/40 MP: 3/3
   762 | D:2      | Found a shimmering altar of Xom.
   910 | D:2      | Noticed Natasha
   918 | D:2      | Killed Natasha
   919 | D:2      | Reached skill level 1 in Dodging
   956 | D:2      | Identified the +3 dagger of Context {pain, *Noise MP+9
                  | Str+6 Int+3 Dex+4}
  1163 | D:2      | Noticed Natasha
  1179 | D:2      | Killed Natasha
  1246 | D:2      | Reached XP level 5. HP: 46/46 MP: 4/4
  1541 | D:3      | Noticed Jessica
  1558 | D:3      | Killed Jessica
  1840 | D:3      | Reached skill level 1 in Short Blades
  2319 | D:4      | Found a sacrificial altar of Ru.
  2399 | D:4      | Reached skill level 5 in Armour
  2442 | D:4      | Reached XP level 6. HP: 34/53 MP: 5/5
  2574 | D:4      | Found a glowing golden altar of the Shining One.
  2574 | D:4      | Noticed Pargi
  2655 | D:4      | Found a staircase to the Ecumenical Temple.
  2682 | Temple   | Entered the Ecumenical Temple
  2691 | Temple   | Became a worshipper of Qazlal Stormbringer
  2786 | D:4      | Noticed Sigmund
  2809 | D:4      | Killed from afar by Sigmund

Illustrated notes

Levels and vault maps discovered:
D:1:      elethiomel_arrival_shortcut, layout_basic, minmay_small_reverse_x
D:2:      layout_loops_ring, basic_altar, dilly_guarded_unrand_morg
D:3:      layout_loops_cross, serial_forest, infiniplex_forest_end_double,
          infiniplex_forest_clump_medium, infiniplex_forest_side_room,
          infiniplex_forest_clump_C, infiniplex_forest_clump_long,
          infiniplex_forest_pool, infiniplex_forest_straight_1,
          kennysheep_boxes, uniq_jessica
D:4:      layout_basic, grunt_temple_overflow_holy_war, nicolae_ru_awakened_eye,
          minmay_temple_entry_slanted, uniq_sigmund, uniq_pargi
Temple:   sentei_temple_godly_chess

Skill      XL: |  1  2  3  4  5  6 |
---------------+-------------------+-----
Armour         | 4 5 |  5.3
Shields        | 4 |  4.7
Fighting       | 4 |  4.7
Axes           | 3 4 |  4.7
Dodging        | 1 |  1.5
Short Blades   | 1 2 |  2.1
Stealth        | |  0.1

Action                     |  1- 3 |  4- 6 || total
---------------------------+-------+-------++-------
  Melee: War axe           |    62 |    17 ||    79
         Headbutt          |     8 |    21 ||    29
         Dagger            |       |   118 ||   118
    Use: Scroll            |       |     4 ||     4
 Armour: Scale mail        |    36 |    93 ||   129
  Dodge: Dodged            |    34 |    66 ||   100
  Block: Buckler           |    15 |    30 ||    45

Table legend: (Time is in decaauts)
 A = Elapsed time spent in this place.
 B = Non-inter-level travel time spent in this place.
 C = Inter-level travel time spent in this place.
 D = Time resting spent in this place.
 E = Time spent auto-exploring this place.
 F = Levels seen in this place.
 G = Mean time per level.
                   A        B        C        D        E       F      G
               +--------+--------+--------+--------+--------+-----+--------+
         Total |   2837 |   2741 |     96 |      0 |   2294 |   5 |  567.4 |
       Dungeon |   2818 |   2738 |     80 |      0 |   2294 |   4 |  704.5 |
        Temple |     18 |      2 |     16 |      0 |      0 |   1 |   18.0 |
               +--------+--------+--------+--------+--------+-----+--------+

Top non-repeatable levels by time:
     D:3: 923 daAuts
     D:2: 890 daAuts
     D:1: 535 daAuts
     D:4: 469 daAuts
  Temple: 18 daAuts
